AoeStats
← Lihinoo7408

Arena

510219683Analyzed
1v1 RM · 12h ago on Sep 30, 2026· 58m 54s· 2 players
Game mode
Random Map
Map size
Tiny (2 player)
Population
200
Speed
Normal
Resources
Standard
Victory
Conquest
Starting age
Dark Age
Ending age
Imperial Age
RankedLock teamsTeams togetherTeam positionsShared explorationLock speedFull tech treeHidden civsTurbo modeCheats
Victory
Defeat
🇨🇱 Spanish · Chile
592
+17
🇹🇷 Spanish · Türkiye
611
-17
Sirk3771
10:37 Feudal Age
12:01 Double-Bit Axe
13:14 Horse Collar
15:45 Wheelbarrow
19:08 Castle Age
18:35 Bloodlines
20:04 Wheelbarrow
21:00 Heavy Plow
22:01 Bow Saw
23:13 Forging
25:13 Husbandry
26:44 Hand Cart
26:16 Loom
26:22 Town Watch
28:37 Pikeman
29:18 Squires
29:03 Gambesons
29:04 Arson
33:35 Ballistics
33:56 Thumb Ring
33:13 Elite Skirmisher
34:53 Masonry
35:52 Town Patrol
37:32 Fortified Wall
40:43 Imperial Age
39:19 Murder Holes
41:07 Halberdier
42:37 Heresy
42:26 Devotion
43:49 Iron Casting
43:20 Scale Barding Armor
42:42 Cavalier
43:52 Faith
47:03 Blast Furnace
46:03 Scale Mail Armor
46:24 Chain Barding Armor
46:04 Padded Archer Armor
45:55 Fletching
45:30 Elite Conquistador
47:54 Paladin
47:57 Light Cavalry
51:16 Chemistry
50:48 Architecture
51:17 Hoardings
Lihinoo7408
10:46 Feudal Age
12:39 Wheelbarrow
11:50 Town Watch
12:09 Double-Bit Axe
14:21 Horse Collar
18:57 Castle Age
20:13 Bow Saw
20:23 Scale Barding Armor
21:15 Gold Mining
22:41 Fervor
22:42 Stone Mining
24:02 Hand Cart
25:50 Heavy Plow
26:40 Sanctity
27:15 Chain Barding Armor
28:25 Atonement
28:52 Redemption
28:52 Devotion
29:59 Stone Shaft Mining
31:29 Inquisition
31:58 Ballistics
36:35 Imperial Age
35:30 Padded Archer Armor
35:41 Forging
38:44 Illumination
39:01 Theocracy
38:54 Block Printing
39:35 Faith
40:05 Heresy
41:01 Elite Conquistador
44:55 Two-Man Saw
48:52 Guilds
51:58 Plate Barding Armor
51:39 Leather Archer Armor
51:14 Fletching
52:00 Iron Casting
54:30 Ring Archer Armor
54:59 Husbandry
55:07 Cavalier
56:31 Light Cavalry
57:24 Bloodlines
Connection lost

Rejoining the realm…

Still unreachable

The connection could not be restored.

Session expired

The server has moved on; the page needs a fresh start.